 Dungeon Crawl Stone Soup version 0.23.2-1-ga50397a6bc (webtiles) character file.

Game seed: 18103359639567349456

366 NochnoyZador the Digger (level 6, -2/32 HPs)
             Began as a Gargoyle Earth Elementalist on May 7, 2019.
             Killed from afar by an orc wizard (12 damage)
             ... with a puff of frost
             ... on level 3 of the Dungeon.
             The game lasted 00:13:59 (2906 turns).

NochnoyZador the Digger (GrEE)                      Turns: 2906, Time: 00:13:59

Health: -2/32      AC:  6    Str: 11    XL:     6   Next: 68%
Magic:  3/12       EV: 12    Int: 18    God:
Gold:   97         SH:  0    Dex: 10    Spells: 9/13 levels left

rFire    . . .     SeeInvis .   e - +0 club
rCold    . . .     Gourm    .   (no shield)
rNeg     + . .     Faith    .   c - +0 robe
rPois    ∞         Spirit   .   (no helmet)
rElec    +         Reflect  .   (no cloak)
rCorr    +         Harm     .   (no gloves)
MR       .....                  (no boots)
Stlth    ++........             (no amulet)
HPRegen  0.10/turn              j - ring of resist corrosion
MPRegen  0.13/turn              (no ring)

@: no status effects
A: negative energy resistance 1, electricity resistance, unbreathing,
petrification resistance, rot immunity, AC +4
a: no special abilities


You were on level 3 of the Dungeon.
You were hungry.

You visited 1 branch of the dungeon, and saw 3 of its levels.

You collected 97 gold pieces.

Inventory:

Hand Weapons
 e - a +0 club (weapon)
Missiles
 b - 88 stones (quivered)
Armour
 c - a +0 robe (worn)
Jewellery
 j - a ring of resist corrosion (left hand)
Wands
 m - a wand of flame (9)
Scrolls
 i - a scroll of noise {unknown}
 k - 2 scrolls of remove curse {unknown}
 l - a scroll of immolation {unknown}
 o - a scroll of teleportation {unknown}
 p - 2 scrolls of identify {unknown}
 q - 3 scrolls of fog {unknown}
Potions
 a - 2 potions of brilliance {unknown}
 f - 2 potions of flight {unknown}
 g - a potion of degeneration {unknown}
 h - a potion of mutation {unknown}
Comestibles
 d - 5 rations
 n - 2 chunks of flesh


   Skills:
 - Level 1.5 Dodging
 - Level 2.1 Stealth
 + Level 4.1 Spellcasting
 + Level 3.2 Conjurations
   Level 0.7 Transmutations
 + Level 6.1 Earth Magic


You had 9 spell levels left.
You knew the following spells:

 Your Spells              Type           Power        Failure   Level  Hunger
a - Sandblast             Erth           ####..       1%          1    None
b - Stone Arrow           Conj/Erth      ###...       6%          3    ###....

Your spell library contained the following spells:

 Spells                   Type           Power        Failure   Level  Hunger
 Passwall                 Tmut/Erth      ###.....     5%          2    ##.....
 Beastly Appendage        Tmut           #.....       11%         1    None
 Sticks to Snakes         Tmut           #.......     16%         2    ##.....
 Lee's Rapid Deconstruct  Erth           ####......   32%         5    ######.
 Petrify                  Tmut/Erth      ###.....     34%         4    ####...
 Spider Form              Tmut/Pois      #.........   36%         3    ###....
 Ice Form                 Ice/Tmut       #.......     77%         4    ####...
 Blade Hands              Tmut           #.........   96%         5    ######.


Dungeon Overview and Level Annotations

Branches:
Dungeon (3/15)

Altars:


Innate Abilities, Weirdness & Mutations

You are resistant to torment.
Your stone body is resilient. (AC +4)
You are immune to poison.
You resist negative energy. (rN+)
You are resistant to electric shocks. (rElec)
You can survive without breathing.
You are immune to petrification.
You are immune to rotting.


Message History

Confirm with . or Enter, or press ? or * to list all spells.
Aiming: Stone Arrow (safe; 7% risk of failure)
Press: ? - help, Shift-Dir - straight line, f - orc wizard
Aim: an orc wizard, wielding a +0 dagger and wearing a +0 robe (fast)
The stone arrow hits the orc wizard!
The orc wizard is almost dead.
You are feeling hungry.
The orc wizard points at you and mumbles some strange words.
The puff of flame hits you!
Casting: Stone Arrow (safe; 7% risk of failure)
Confirm with . or Enter, or press ? or * to list all spells.
Aiming: Sandblast (safe; 1% risk of failure)
Press: ? - help, Shift-Dir - straight line, f/p - orc wizard
Aim: an orc wizard, wielding a +0 dagger and wearing a +0 robe (almost dead, fast)
The blast of sand hits the orc wizard!
You kill the orc wizard!
b - 88 stones The orc wizard casts a spell at you.
The puff of frost hits you!
You die...

#.##...########..
#.#.......o......
#.#....##?o..o...
#####.#....o...o)....
..........#.#.####..
.#...#....#.#.#
###.#.#.#...##...#
..........>..)...#
.#####.#.)@.....#
#.........#..#.#.#
#######......#.#.#
###.##.....#
#.##.....# #####
#.###....##PPP.P
#######.# ##...#P≈P≈≈
.#
#[...##.####...#P≈≈♣
.#
#....##.........P≈♣


You could see an orc wizard.

Vanquished Creatures
  Sigmund (D:2)
  An orc wizard (D:3)
  Terence (D:2)
  Natasha (thrice) (D:2)
  3 adders
  A worm (D:2)
  A dart slug (D:2)
  2 leopard geckos
  An orc (D:3)
  5 bats
  3 giant cockroaches
  6 hobgoblins
  4 jackals (D:1)
  A quokka (D:2)
  2 frilled lizards
  3 goblins
  7 kobolds
  10 rats
55 creatures vanquished.

Notes
Turn   | Place    | Note
-------+----------+-------------------------------------------
     0 | D:1      | NochnoyZador the Gargoyle Earth Elementalist began the
                  | quest for the Orb.
     0 | D:1      | Reached XP level 1. HP: 10/10 MP: 3/3
   236 | D:1      | Reached skill level 4 in Earth Magic
   236 | D:1      | Reached XP level 2. HP: 15/15 MP: 1/5
   844 | D:1      | Reached XP level 3. HP: 18/19 MP: 2/6
  1095 | D:2      | Noticed Terence
  1097 | D:2      | Noticed Sigmund
  1100 | D:2      | Noticed Natasha
  1225 | D:2      | Killed Natasha
  1230 | D:2      | Learned a level 3 spell: Stone Arrow
  1435 | D:2      | Noticed Natasha
  1443 | D:2      | Killed Natasha
  1443 | D:2      | Reached XP level 4. HP: 10/24 MP: 3/8
  1602 | D:2      | Reached skill level 1 in Conjurations
  1602 | D:2      | Reached skill level 5 in Earth Magic
  1819 | D:2      | Killed Terence
  1819 | D:2      | Reached XP level 5. HP: 14/28 MP: 0/10
  2205 | D:2      | Killed Sigmund
  2205 | D:2      | Reached XP level 6. HP: 27/32 MP: 6/12
  2302 | D:2      | Noticed Natasha
  2307 | D:2      | Killed Natasha
  2632 | D:3      | Reached skill level 6 in Earth Magic
  2906 | D:3      | Killed from afar by an orc wizard

Skill      XL: |  1  2  3  4  5  6 |
---------------+-------------------+-----
Earth Magic    | 4 5 6 |  6.1
Spellcasting   | 3 4 |  4.1
Conjurations   | 1 2 3 |  3.2
Dodging        | |  1.5
Stealth        | |  2.1
Transmutations | |  0.7

Action                   |  1- 3 |  4- 6 || total
-------------------------+-------+-------++-------
Melee: Unarmed           |    40 |       ||    40
       Club              |    18 |     1 ||    19
 Cast: Sandblast         |    43 |    35 ||    78
       Stone Arrow       |       |    13 ||    13
 Stab: Sleeping          |     1 |       ||     1
  Eat: Chunk             |     2 |     5 ||     7
Armor: Robe              |    23 |     6 ||    29
Dodge: Dodged            |    55 |    30 ||    85
